 Dungeon Crawl Stone Soup version 0.28-b1-1-g3c77fb2ed1 (webtiles) character file.

Game seed: 9360363481585300217

70 cayde69 the Skirmisher (level 4, -1/37 HPs)
             Began as a Demonspawn Abyssal Knight on Jan 28, 2022.
             Was a Follower of Lugonu.
             Killed by nerve-wracking pain
             ... invoked by Jessica
              (4 damage)
             ... on level 2 of the Dungeon.
             The game lasted 00:04:23 (1204 turns).

cayde69 the Skirmisher (Demonspawn Abyssal Knight)  Turns: 1204, Time: 00:04:23

Health: -1/37      AC:  5    Str: 16    XL:     4   Next: 3%
Magic:  5/5        EV: 11    Int: 11    God:    Lugonu [*.....]
Gold:   45         SH:  0    Dex: 13    Spells: 3/3 levels left

rFire   . . .      SeeInvis .   a - +1 spear
rCold   . . .      Faith    .   (no shield)
rNeg    . . .      Spirit   .   b - +0 leather armour
rPois   .          Reflect  .   (no helmet)
rElec   .          Harm     .   (no cloak)
rCorr   .          Rampage  .   (no gloves)
Will    .....                   (no boots)
Stlth   +.........              (no amulet)
HPRegen 0.12/turn               (no ring)
MPRegen 0.09/turn               (no ring)

@: slowed, very slow
A: thin metallic scales 1
a: Renounce Religion, Depart the Abyss


You were on level 2 of the Dungeon.
You worshipped Lugonu.
Lugonu was aware of your devotion.
You visited 1 branch of the dungeon, and saw 2 of its levels.
You visited the Abyss 1 time.

You collected 45 gold pieces.

Inventory:

Hand Weapons
 a - a +1 spear (weapon)
Armour
 b - a +0 leather armour (worn)
Jewellery
 f - a +6 ring of dexterity
Scrolls
 c - 3 scrolls of identify {unknown}
 g - a scroll of blinking {unknown}
Potions
 d - a potion of heal wounds {unknown}
 e - a potion of curing {unknown}


   Skills:
 + Level 3.6 Fighting
 + Level 3.0 Polearms
 - Level 1.7 Armour
 - Level 1.1 Dodging
 - Level 1.0 Stealth
 + Level 2.6 Invocations


You had 3 spell levels left.
You didn't know any spells.
Your spell library was empty.

Dungeon Overview and Level Annotations

Branches:
Dungeon (2/15)

Altars:

Annotations:
D:2 Jessica


Innate Abilities, Weirdness & Mutations

You are partially covered in thin metallic scales. (AC +2)


Message History

Jessica hits you with a +0 club.
You hit Jessica.
Jessica is moderately wounded.
Jessica gestures at you while chanting.
You feel yourself slow down. The goblin hits you but does no damage.
You closely miss Jessica.
Jessica is moderately wounded.
Jessica hits you with a +0 club. The goblin hits you with a +0 dagger.
Jessica hits you with a +0 club.
You closely miss Jessica.
Jessica is moderately wounded.
Jessica zaps a wand.
The puff of flame hits you! The goblin hits you but does no damage.
Jessica closely misses you. The goblin hits you but does no damage.
You closely miss Jessica.
Jessica is moderately wounded.
Jessica zaps a wand.
The puff of flame misses you. The goblin hits you with a +0 dagger.
Jessica misses you.
You closely miss Jessica.
Jessica is moderately wounded.
Jessica hits you with a +0 club.
* * * LOW HITPOINT WARNING * * *
The goblin closely misses you.
Jessica shouts, "Stop bothering me, or I'll kill you!"
Jessica hits you with a +0 club.
* * * LOW HITPOINT WARNING * * *
You closely miss Jessica.
Jessica is moderately wounded.
Jessica misses you. The goblin misses you.
Jessica gestures at you while chanting. You resist with some effort.
The goblin hits you but does no damage. Jessica hits you with a +0 club.
* * * LOW HITPOINT WARNING * * *
You closely miss Jessica.
Jessica is moderately wounded.
Jessica hits you with a +0 club.
* * * LOW HITPOINT WARNING * * *
Jessica casts a spell at you. Pain shoots through your body!
You die...

#.. #.....♣♣♣..##.......
#..##....♣# #♣..........
.........♣ ♣..........
#........♣# #♣..........
#.........♣♣♣..##...#...
#.............†##.......
#......g................
#..##.#@##..#..#........
#. #.#@##..#..#..#.#...
#..............#..#.# ..
#...#.#.##..#.##..#....>
#...#.#.................
.. . ........##..###...
.# ####.#####..# ... ..
#..# #.. .. #. .. # ..


You could see Jessica (fast) and a goblin.

Vanquished Creatures
  Natasha (D:2)
  2 adders (D:2)
  A dart slug (D:1)
  4 bats (D:1)
  4 endoplasms (D:1)
  A giant cockroach (D:1)
  A hobgoblin (D:1)
  3 kobolds (D:1)
  A quokka (D:1)
  5 ball pythons
  A frilled lizard (D:1)
  A rat (D:1)
25 creatures vanquished.

Notes
Turn   | Place    | Note
-------+----------+-------------------------------------------
     0 | Abyss:1  | cayde69 the Demonspawn Abyssal Knight began the quest for
                  | the Orb.
     0 | Abyss:1  | Reached XP level 1. HP: 18/18 MP: 2/2
    14 | D:1      | Escaped the Abyss
    32 | D:1      | Reached skill level 1 in Dodging
   189 | D:1      | Gained mutation: You are partially covered in thin metallic
                  | scales. (AC +2) [demonic ancestry]
   189 | D:1      | Reached XP level 2. HP: 20/24 MP: 3/3
   564 | D:1      | Found a faded altar of an unknown god.
   893 | D:2      | Reached XP level 3. HP: 29/29 MP: 4/4
   914 | D:2      | Noticed Natasha
   927 | D:2      | Killed Natasha
  1101 | D:2      | Reached skill level 1 in Stealth
  1101 | D:2      | Reached XP level 4. HP: 31/37 MP: 5/5
  1190 | D:2      | Noticed Jessica
  1204 | D:2      | Killed from afar by Jessica

Illustrated notes

Levels and vault maps discovered:
D:1:      amcnicky_arrival_single_pillar, layout_loops_ring,
          basic_ecumenical_altar, st_stairs_3
D:2:      layout_basic, minmay_stone_trees_small, uniq_natasha, uniq_jessica

Skill      XL: |  1  2  3 |
---------------+----------+-----
Dodging        | 1 |  1.1
Polearms       | 2 3 |  3.0
Stealth        | 1 |  1.0
Fighting       | |  3.6
Armour         | |  1.7
Invocations    | |  2.6

Action                   |  1- 3 |  4- 6 || total
-------------------------+-------+-------++-------
Melee: Spear             |   102 |    12 ||   114
       Punch             |     1 |       ||     1
 Stab: Sleeping          |     1 |       ||     1
Armor: Leather armour    |    27 |     9 ||    36
Dodge: Dodged            |    42 |     9 ||    51
